 Seeded DCSS version 0.29.1-12-g30fa7ad0bf (webtiles) character file.

Game seed: 20230106 (custom seed)

60 stormannn the Trooper (level 4, -2/40 HPs)
             Began as a Ghoul Fighter on Jan 6, 2023.
             Slain by a gnoll
             ... wielding a +0 halberd
              (11 damage)
             ... on level 2 of the Dungeon.
             The game lasted 00:03:01 (1406 turns).

stormannn the Trooper (Ghoul Fighter)               Turns: 1406, Time: 00:03:01

Health: -2/40      AC:  6    Str: 21    XL:     4   Next: 4%
Magic:  3/3        EV:  9    Int:  3    God:
Gold:   87         SH:  4    Dex:  8    Spells: 3/3 levels left

rFire   . . .      SeeInvis .     - Unarmed
rCold   + . .      Faith    .   b - +0 buckler
rNeg    + + +      Spirit   .   a - +0 scale mail
rPois   ∞          Reflect  .   (no helmet)
rElec   .          Harm     .   (no cloak)
rCorr   .          Rampage  .   (no gloves)
Will    .....                   (no boots)
Stlth   ..........              (no amulet)
HPRegen 0.00/turn               m - ring of fire
MPRegen 0.08/turn               n - ring of ice

@: mighty, inhibited regen
A: claws 1, cold resistance 1, negative energy resistance 3, inhibited
regeneration, torment resistance 2, devour on kill
a: no special abilities


You were on level 2 of the Dungeon.
You visited 1 branch of the dungeon, and saw 2 of its levels.

You collected 87 gold pieces.

Inventory:

Missiles
 f - 35 stones (quivered)
 h - 6 silver javelins
 k - 3 poisoned darts
Armour
 a - a +0 scale mail (worn)
 b - a +0 buckler (worn)
Jewellery
 m - a ring of fire (left claw)
 n - a ring of ice (right claw)
Scrolls
 e - a scroll of summoning {unknown}
 j - 2 scrolls of blinking {unknown}
 o - a scroll of teleportation {unknown}
Potions
 c - a potion of might
 g - a potion of attraction {unknown}
 i - a potion of lignification {unknown}
 l - a potion of invisibility {unknown}
 p - a potion of haste {unknown}


   Skills:
 * Level 3.8 Fighting
 + Level 0.7 Throwing
 * Level 3.1 Armour
 * Level 3.1 Shields
 * Level 2.9 Unarmed Combat


You had 3 spell levels left.
You didn't know any spells.
Your spell library was empty.

Dungeon Overview and Level Annotations

Branches:
Dungeon (2/15)

Altars:

Shops:
D:1 (


Innate Abilities, Weirdness & Mutations

You are immune to poison.
You have sharp fingernails.
Your flesh is cold resistant. (rC+)
You are immune to negative energy. (rN+++)
You do not regenerate when monsters are visible.
You are immune to unholy pain and torment.
You thrive by killing the living.


Message History

You are too injured to fight recklessly!
You closely miss the gnoll.
The gnoll is moderately wounded.
You closely miss the gnoll.
The gnoll is moderately wounded.
The gnoll hits you with a +2 flail of protection.
The gnoll barely misses you.
You scratch the gnoll but do no damage.
The gnoll is moderately wounded.
The gnoll closely misses you. x2
You scratch the gnoll.
The gnoll is heavily wounded.
The gnoll hits you with a +2 flail of protection.
* * * LOW HITPOINT WARNING * * *
The gnoll hits you but does no damage.
You scratch the gnoll but do no damage.
The gnoll is heavily wounded.
The gnoll closely misses you.
The gnoll hits you from afar with a +0 halberd.
* * * LOW HITPOINT WARNING * * *
You scratch the gnoll.
The gnoll is almost dead.
The gnoll misses you.
The gnoll hits you with a +2 flail of protection.
* * * LOW HITPOINT WARNING * * *
You completely miss the gnoll.
The gnoll is almost dead.
The gnoll hits you but does no damage. You block the gnoll's attack.
You barely miss the gnoll.
The gnoll is almost dead.
The gnoll hits you with a +2 flail of protection.
* * * LOW HITPOINT WARNING * * *
The gnoll barely misses you.
It was a potion of curing.
You feel better. The gnoll completely misses you.
The gnoll hits you from afar with a +0 halberd.
* * * LOW HITPOINT WARNING * * *
You feel very mighty all of a sudden. The gnoll hits you but does no damage.
The gnoll hits you from afar with a +0 halberd!
You die...

.## ... .. ..# ...
.###.# ... .# #.# #.#
.###.# #.# ...#.# #.#
##.#># ###.### .....#
#.....# .....# ##.###@#
#.#.## ####..# #g#
.###)###.....###g#
..#..†..........g'...g..
....####......#.##......
##### #..##.##.# #g[...
# #..#####. #.... # #..#
#. #... # #... .. ...


You could see 3 gnolls.

Vanquished Creatures
  3 adders (D:2)
  A worm (D:2)
  2 ball pythons
  2 endoplasms
  3 goblins
  3 hobgoblins (D:1)
  2 jackals (D:1)
  2 kobolds (D:1)
  2 quokkas
  5 bats (D:1)
  A frilled lizard (D:1)
  3 rats (D:1)
29 creatures vanquished.

Notes
Turn   | Place    | Note
-------+----------+-------------------------------------------
     0 | D:1      | stormannn the Ghoul Fighter began the quest for the Orb.
     0 | D:1      | Reached XP level 1. HP: 19/19 MP: 0/0
   303 | D:1      | Reached XP level 2. HP: 26/26 MP: 1/1
   466 | D:1      | Found Yppos's Weapon Shop.
   829 | D:1      | Reached XP level 3. HP: 31/31 MP: 2/2
   898 | D:2      | Found a faded altar of an unknown god.
  1349 | D:2      | Reached XP level 4. HP: 37/40 MP: 3/3
  1406 | D:2      | Slain by a gnoll

Illustrated notes

Levels and vault maps discovered:
D:1:      dpeg_arrival_stone_temple_mockup, layout_basic, serial_shops,
          nicolae_shop_statue_plus, corner_web_ring, minmay_pentomino_t2
D:2:      layout_loops_corners, hellmonk_ecumenical_altar_pennies_from_heaven

Skill      XL: |  1  2  3 |
---------------+----------+-----
Armour         | 3 |  3.1
Shields        | 3 |  3.1
Fighting       | |  3.8
Throwing       | |  0.7
Unarmed Combat | |  2.9

Action                   |  1- 3 |  4- 6 || total
-------------------------+-------+-------++-------
Melee: Unarmed           |    97 |    14 ||   111
  Use: Potion            |       |     2 ||     2
Armor: Scale mail        |    53 |     3 ||    56
Dodge: Dodged            |    41 |     9 ||    50
Block: Buckler           |    17 |     2 ||    19
